 Dungeon Crawl Stone Soup version 0.31.0-32-g396128a36d (webtiles) character file.

Game seed: 11263178999044625567

2224 diceflayer the Fighter (level 9, -1/71 HPs)
             Began as a Demonspawn Fighter on Apr 23, 2024.
             Slain by a phantasmal warrior (25 damage)
             ... led by a death knight
             ... on level 7 of the Dungeon.
             The game lasted 00:04:42 (5364 turns).

diceflayer the Fighter (Demonspawn Fighter)         Turns: 5364, Time: 00:04:43

Health: -1/71      AC: 17    Str: 22    XL:     9   Next: 13%
Magic:  9/9        EV: 15    Int:  8    God:
Gold:   431        SH:  9    Dex: 12    Spells: 8/8 levels left

rFire   . . .        a - +1 war axe (freeze)
rCold   + + .        c - +0 buckler
rNeg    . . .        v - quicksilver dragon scales
rPois   .            (helmet restricted)
rElec   .            (no cloak)
rCorr   .            n - +0 pair of gloves
SInv    .            (no boots)
Will    .....        m - amulet of reflection
Stlth   +            e - +4 ring of protection
HPRegen 0.31/turn    z - +5 ring of evasion
MPRegen 0.11/turn

%: reflection
@: mighty, weak-willed
A: horns 1, yellow scales 1, foul stench 2, cold resistance 2, frail 1,
MP-powered wands
a: no special abilities


You were on level 7 of the Dungeon.
You visited 1 branch of the dungeon, and saw 8 of its levels.

You collected 431 gold pieces.

Inventory:

Hand Weapons
 a - a +1 war axe of freezing (weapon)
Missiles
 f - a throwing net (quivered)
Armour
 b - a +0 scale mail
 c - a +0 buckler (worn)
 n - a +0 pair of gloves (worn)
 v - quicksilver dragon scales (worn)
Jewellery
 e - a +4 ring of protection (left hand)
 i - an amulet of magic regeneration
 m - an amulet of reflection (around neck)
 z - a +5 ring of evasion (right hand)
 D - a ring of magical power
Wands
 p - a wand of roots (12)
 A - a wand of quicksilver (6)
 C - a wand of flame (24)
 E - a wand of polymorph (10)
Scrolls
 q - 2 scrolls of blinking
 r - 3 scrolls of teleportation
 B - a scroll of poison
Potions
 d - 3 potions of might
 g - a potion of magic
 h - 6 potions of curing
 j - a potion of mutation
 k - a potion of heal wounds
 l - 2 potions of brilliance
 s - a potion of degeneration {unknown}
 t - a potion of haste {unknown}
 u - a potion of cancellation {unknown}


   Skills:
 + Level 10.9 Fighting
 - Level 6.0 Axes
 - Level 2.6 Armour
 - Level 2.6 Shields


You had 8 spell levels left.
You didn't know any spells.
Your spell library contained the following spells:

 Spells                   Type           Power      Damage    Failure   Level
 Apportation              Tloc           0%         N/A       65%         1
 Freeze                   Ice            0%         1d3       65%         1
 Blink                    Tloc           0%         N/A       78%         2
 Jinxbite                 Hex            0%         N/A       78%         2
 Lesser Beckoning         Tloc           0%         N/A       78%         2
 Momentum Strike          Conj/Tloc      0%         3d8       78%         2
 Scorch                   Fire           0%         2d5       78%         2
 Frozen Ramparts          Ice            0%         1d1       95%         3
 Gell's Gravitas          Tloc           0%         N/A       95%         3
 Hailstorm                Conj/Ice       0%         3d5       95%         3
 Teleport Other           Tloc           0%         N/A       95%         3
 Flame Wave               Conj/Fire      0%         2d4       100%        4
 Alistair's Intoxication  Alch           0%         N/A       100%        5
 Death Channel            Necr           0%         N/A       100%        6
 Summon Cactus Giant      Summ           0%         N/A       100%        6
 Disjunction              Tloc           0%         N/A       100%        8


Dungeon Overview and Level Annotations

Branches:
Dungeon (8/15)             Temple (0/1) D:4
   Lair: D:8-11

Altars:
Dithmenos
Fedhas
Hepliaklqana
Makhleb
Qazlal
Sif Muna

Shops:
D:1 [   D:5 (

Portals:
Abyss: D:5

Annotations:
D:2 1 runed translucent door, Crazy Yiuf
D:5 2 transporters, Batma's ghost, amateur HOBe


Innate Abilities, Weirdness & Mutations

You have a pair of small horns on your head.
You are partially covered in yellow scales. (AC +2)
You sometimes emit foul miasma when damaged in melee.
Your flesh is very cold resistant. (rC++)
You are frail. (-10% HP)
You expend magic power (3 MP) to strengthen your wands.


Message History

Unknown command.
You block the phantasmal warrior's attack.
The phantasmal warrior gestures at you.
The phantasmal warrior blinks!
The wight throws a boomerang.
You block the boomerang with an invisible shield... and reflect it back!
The boomerang hits the wight.
The phantasmal warrior gestures at you.
The phantasmal warrior blinks!
You block the phantasmal warrior's attack.
You block the phantasmal warrior's attack.
A wight comes into view. It is wielding a +3 mace.
There is an escape hatch in the ceiling here.
You block the phantasmal warrior's attack.
A mysterious force pulls you upwards. The hatch slams shut behind you.
You barely miss the phantasmal warrior.
You headbutt the phantasmal warrior, but do no damage.
The phantasmal warrior hits you!!
Your willpower is stripped away!
You completely miss the phantasmal warrior.
You headbutt the phantasmal warrior.
The phantasmal warrior is lightly damaged.
You block the phantasmal warrior's attack.
You slash the phantasmal warrior! You freeze the phantasmal warrior.
The phantasmal warrior is moderately damaged.
The phantasmal warrior hits you!!
You are too injured to fight recklessly!
You are too injured to fight recklessly!
Unknown command.
You feel very mighty all of a sudden.
The phantasmal warrior barely misses you.
You hit the phantasmal warrior but do no damage.
You headbutt the phantasmal warrior, but do no damage.
The phantasmal warrior is moderately damaged.
The phantasmal warrior hits you but does no damage.
You slash the phantasmal warrior! You freeze the phantasmal warrior.
Your headbutt misses the phantasmal warrior.
The phantasmal warrior is severely damaged.
The phantasmal warrior hits you but does no damage.
The phantasmal warrior hits you!!
You die...

#.########.#
#.#
#.......>..#
#.######
#..#########
#......#
##..#
######.#
#...# #.#
#..)#########
#.#
#..>........#
#.#
###.#######.#
#.# #.# #@#
#.# #.# #W#
####.# #.#
#[# #....#
########.#
#.# #.####
.........#
#.# #.#
##########
#.# #.# # #.#
#.# # #.# #.#
# #.# #.#


You could see a phantasmal warrior.

Vanquished Creatures
  A steam dragon (D:8)
  An ice beast (D:6)
  An orc warrior (D:6)
  A black bear (D:5)
  A sky beast (D:7)
  An ogre (D:5)
  A phantom (D:3)
  A bullfrog (D:8)
  4 necrophages
  A scorpion (D:4)
  2 bombardier beetles
  4 jellies
  3 hounds (D:4)
  5 iguanas
  3 orc priests
  3 sleepcaps
  Jessica (D:2)
  3 gnoll boudas
  An orc wizard (D:8)
  2 scorpion zombies (D:4)
  Terence (D:2)
  A hound skeleton (D:7)
  Robin (D:3)
  15 gnolls
  7 adders
  3 shadow imps
  A white imp (D:6)
  2 ufetubi (D:5)
  An adder zombie (D:4)
  6 dart slugs
  3 ribbon worms
  16 orcs
  6 ball pythons
  3 bats
  5 endoplasms
  A giant cockroach (D:1)
  14 goblins
  9 hobgoblins
  7 jackals
  3 frilled lizards
  4 kobolds
  2 rats
151 creatures vanquished.

Notes
Turn   | Place    | Note
-------+----------+-------------------------------------------
     0 | D:1      | diceflayer the Demonspawn Fighter began the quest for the
                  | Orb.
     0 | D:1      | Reached XP level 1. HP: 18/18 MP: 1/1
   157 | D:1      | Gained mutation: You may rarely emit foul miasma when
                  | damaged in melee. [demonic ancestry]
   157 | D:1      | Reached XP level 2. HP: 24/24 MP: 2/2
   160 | D:1      | Found a faded altar of an unknown god.
   292 | D:1      | Found Qicuriq's Armour Emporium.
   712 | D:2      | Noticed Jessica
   721 | D:2      | Killed Jessica
   722 | D:2      | Gained mutation: You have a pair of small horns on your
                  | head. [demonic ancestry]
   722 | D:2      | Reached XP level 3. HP: 29/29 MP: 3/3
   840 | D:2      | Noticed Terence
   850 | D:2      | Killed Terence
   851 | D:2      | Gained mutation: You are partially covered in yellow
                  | scales. (AC +2) [demonic ancestry]
   851 | D:2      | Reached XP level 4. HP: 32/35 MP: 4/4
   923 | D:2      | Found a runed translucent door.
   924 | D:2      | Noticed Crazy Yiuf
  1299 | D:3      | Reached XP level 5. HP: 41/41 MP: 5/5
  1452 | D:3      | Noticed Robin
  1459 | D:3      | Reached skill level 5 in Axes
  1466 | D:3      | Killed Robin
  1551 | D:3      | Noticed a phantom
  1560 | D:3      | Killed a phantom
  1709 | D:3      | Reached XP level 6. HP: 47/47 MP: 6/6
  1983 | D:4      | Found a staircase to the Ecumenical Temple.
  1994 | D:4      | Reached skill level 4 in Fighting
  2361 | D:4      | Found a blossoming altar of Fedhas.
  2476 | D:4      | Reached skill level 5 in Fighting
  2476 | D:4      | Reached XP level 7. HP: 56/56 MP: 7/7
  2609 | D:4      | Reached skill level 6 in Fighting
  2689 | D:5      | Entered Level 5 of the Dungeon
  2725 | D:5      | Found Quukh's Weapon Shoppe.
  2746 | D:5      | Reached skill level 7 in Fighting
  2856 | D:5      | Reached XP level 8. HP: 55/67 MP: 8/8
  2992 | D:5      | Reached skill level 8 in Fighting
  3012 | D:5      | Found a transporter.
  3069 | D:5      | Found a one-way gate to the infinite horrors of the Abyss.
  3069 | D:5      | Noticed Batma's ghost (amateur HOBe)
  3264 | D:5      | Found a transporter.
  3292 | D:5      | Found a shimmering blue altar of Sif Muna.
  3422 | D:6      | Got the Folio of Peregrination and Left-Handed Rites
  3864 | D:6      | Reached skill level 9 in Fighting
  4431 | D:7      | Reached skill level 10 in Fighting
  4448 | D:7      | Found a stormy altar of Qazlal.
  4496 | D:7      | Found a shadowy altar of Dithmenos.
  4499 | D:7      | Found a hazy altar of Hepliaklqana.
  4597 | D:7      | Found a burning altar of Makhleb.
  4938 | D:7      | Gained mutation: You sometimes emit foul miasma when
                  | damaged in melee. [demonic ancestry]
  4938 | D:7      | Reached XP level 9. HP: 65/79 MP: 9/9
  5048 | D:7      | Gained mutation: You are frail. (-10% HP) [potion of
                  | mutation]
  5048 | D:7      | Gained mutation: Your flesh is cold resistant. (rC+)
                  | [potion of mutation]
  5048 | D:7      | Gained mutation: Your flesh is very cold resistant. (rC++)
                  | [potion of mutation]
  5048 | D:7      | Gained mutation: You expend magic power (3 MP) to
                  | strengthen your wands. [potion of mutation]
  5343 | D:8      | Noticed a death knight
  5344 | D:8      | Noticed a phantasmal warrior
  5344 | D:8      | Noticed a skeletal warrior
  5349 | D:8      | Noticed a phantasmal warrior
  5364 | D:7      | Slain by a phantasmal warrior

Illustrated notes

Levels and vault maps discovered:
D:1:      enne_arrival_octagon_isle, layout_basic, basic_ecumenical_altar,
          serial_shops, nicolae_shop_peninsula
D:2:      layout_rooms, uniq_crazy_yiuf_cottage, uniq_jessica, uniq_terence
D:3:      layout_rooms, hellmonk_no_cap, uniq_robin
D:4:      layout_rooms, fedhas_altar_decomposition,
          minmay_temple_entry_purple_smoke, interstate_on_off,
          minmay_door_square, grunt_decor_clamped, kennysheep_generic_room_2
D:5:      layout_cave_pools, kennysheep_orc_sif_temple,
          gammafunk_ghost_abyssal_escape, serial_shops, shop
D:6:      layout_loops_cross
D:7:      layout_loops_ring, nicolae_qazlal_general_emergency,
          makhleb_blood_cavern_becter, riverfiend_overflow_shadow_ancestor
D:8:      layout_cave_pools, nicolae_phantomly_mirrored

Skill      XL: |  1  2  3  4  5  6  7  8 |
---------------+-------------------------+-----
Axes           | 2 3 4 5 6 |  6.0
Fighting       | 5 7 10 | 10.9
Armour         | |  2.6
Shields        | |  2.6

Action                     |  1- 3 |  4- 6 |  7- 9 || total
---------------------------+-------+-------+-------++-------
  Melee: War axe           |    58 |   128 |   216 ||   402
         Headbutt          |     2 |    19 |    46 ||    67
    Use: Scroll            |     3 |     7 |     7 ||    17
         Potion            |       |       |     2 ||     2
 Armour: Scale mail        |    53 |    73 |    57 ||   183
         Quicksilver drago |       |       |    69 ||    69
  Dodge: Dodged            |    17 |    53 |    89 ||   159
  Block: Buckler           |    17 |    66 |   141 ||   224
         Reflection        |       |     2 |     5 ||     7
